 Dungeon Crawl Stone Soup version 0.29.1-15-g9cfb28693d (webtiles) character file.

Game seed: 14518765704252190128

9 protoss039 the Digger (level 2, 20/20 HPs)
             Began as a Demonspawn Earth Elementalist on Mar 12, 2023.
             Got out of the dungeon alive.
             The game lasted 00:00:29 (439 turns).

protoss039 the Digger (DsEE)                         Turns: 439, Time: 00:00:29

Health: 20/20      AC:  3    Str:  8    XL:     2   Next: 3%
Magic:  5/5        EV: 11    Int: 16    God:
Gold:   28         SH:  0    Dex: 13    Spells: 4/5 levels left

rFire   . . .      SeeInvis .   e - staff of conjuration
rCold   . . .      Faith    .   (no shield)
rNeg    . . .      Spirit   .   f - +0 leather armour
rPois   .          Reflect  .   (helmet restricted)
rElec   .          Harm     .   (no cloak)
rCorr   .          Rampage  .   (no gloves)
Will    .....                   (no boots)
Stlth   ++........              (no amulet)
HPRegen 0.06/turn               (no ring)
MPRegen 0.09/turn               (no ring)

@: no status effects
A: horns 1
a: no special abilities


You escaped.
You visited 1 branch of the dungeon, and saw 1 of its levels.

You collected 28 gold pieces.

Inventory:

Armour
 f - a +0 leather armour (worn)
Magical Staves
 e - a staff of conjuration (weapon)
Scrolls
 a - a scroll of amnesia {unknown}
 c - a scroll of noise {unknown}
 d - a scroll of identify {unknown}
Potions
 b - a potion of magic


   Skills:
 + Level 0.5 Fighting
 * Level 0.3 Armour
 - Level 1.7 Dodging
 - Level 1.7 Stealth
 + Level 2.1 Spellcasting
 + Level 0.2 Conjurations
 - Level 0.8 Transmutations
 + Level 2.8 Earth Magic


You had 4 spell levels left.
You knew the following spells:

 Your Spells              Type           Power      Damage    Failure   Level
a - Sandblast             Erth           20%        2d7       9%          1

Your spell library contained the following spells:

 Spells                   Type           Power      Damage    Failure   Level
 Passwall                 Tmut/Erth      5%         N/A       21%         2
 Stone Arrow              Conj/Erth      20%        3d8       41%         3
 Petrify                  Tmut/Erth      7%         N/A       80%         4


Dungeon Overview and Level Annotations

Branches:
Dungeon (1/15) Zot: 5557

Altars:


Innate Abilities, Weirdness & Mutations

You have a pair of small horns on your head.


Message History

Casting: Sandblast (safe; 10% risk of failure)
Confirm with . or Enter, or press ? or * to list all spells.
Aiming: Sandblast (safe; 10% risk of failure)
Press: ? - help, Shift-Dir - straight line, f - goblin
Aim: a goblin, wielding a +0 dagger (77% to hit)
The blast of sand hits the goblin.
The goblin is heavily wounded.
The goblin closely misses you.
Unknown command.
Casting: Sandblast (safe; 10% risk of failure)
Confirm with . or Enter, or press ? or * to list all spells.
Aiming: Sandblast (safe; 10% risk of failure)
Press: ? - help, Shift-Dir - straight line, f/p - goblin
Aim: a goblin, wielding a +0 dagger (heavily wounded, 77% to hit)
The blast of sand hits the goblin!
You kill the goblin!
Unknown command.
Things that are here:
a +0 dagger; a goblin corpse
Found 4 javelins and a robe.
a - a scroll labelled ZOEMOV CE ONAQ
Found a sling.
A ball python comes into view.
A ball python is nearby!
You see here a +0 sling.
Casting: Sandblast (safe; 9% risk of failure)
Confirm with . or Enter, or press ? or * to list all spells.
Aiming: Sandblast (safe; 9% risk of failure)
Press: ? - help, Shift-Dir - straight line, f - ball python
Aim: a ball python (asleep, 100% to hit)
The blast of sand hits the ball python!
You kill the ball python!
You have reached level 2!
Your demonic ancestry asserts itself...
A pair of horns grows on your head!
Unknown command.
You see here a +0 whip.
There is a staircase leading out of the dungeon here.
Are you sure you want to leave the Dungeon?
This will make you lose the game!
You have escaped!

#######################
..#.#..#.....#..#.....#.
##.#
###.#..#..#..#..#..#....
#..#
##.................(....
...#
#...#..#..#..#.....#..#.
...#
#.#....).....#.....#
#?.#
#.#....#..#.....@..#
#..#
#.##################
#..# #.# ###
##############†.# #.###
#.# #...............#
....### #.#
#.####.#######.##
......# #.# #.#
#.........#
#.....###.#####.#
#..########
#...............####..#
#.....###.............#


There were no monsters in sight!

Vanquished Creatures
  A dart slug (D:1)
  A ball python (D:1)
  An endoplasm (D:1)
  A goblin (D:1)
  2 frilled lizards (D:1)
  A rat (D:1)
7 creatures vanquished.

Notes
Turn   | Place    | Note
-------+----------+-------------------------------------------
     0 | D:1      | protoss039 the Demonspawn Earth Elementalist began the
                  | quest for the Orb.
     0 | D:1      | Reached XP level 1. HP: 13/13 MP: 3/3
   377 | D:1      | Gained mutation: You have a pair of small horns on your
                  | head. [demonic ancestry]
   377 | D:1      | Reached XP level 2. HP: 20/20 MP: 3/5
   439 | D:$      | Got out of the dungeon alive.

Illustrated notes

Levels and vault maps discovered:
D:1:      dpeg_arrival_ternary, layout_loops_ring,
          hellmonk_ecumenical_altar_slurped_away, minmay_lizard_king

Action                   || total
-------------------------++-------
Melee: Staff             ||     9
 Cast: Sandblast         ||     6
 Stab: Sleeping          ||     1
Dodge: Dodged            ||     6
